 Dungeon Crawl Stone Soup version 0.19-a0-1889-g9c603be (webtiles) character file.

189 Goblin1989 the Cutter (level 6, -2/55 HPs)
             Began as a Kobold Assassin on Oct 17, 2016.
             Slain by an orc wizard
             ... wielding a +0 dagger
              (4 damage)
             ... on level 4 of the Dungeon.
             The game lasted 00:08:57 (2684 turns).

Goblin1989 the Cutter (Kobold Assassin)             Turns: 2684, Time: 00:08:57

Health: -2/55      AC:  4    Str: 14    XL:     6   Next: 0%
Magic:  6/6        EV: 16    Int: 12    God:
Gold:   149        SH:  0    Dex: 18    Spells: 0 memorised, 5 levels left

rFire  . . .     SeeInvis .     a - +2 dagger
rCold  . . .     Gourm    .     c - +0 robe
rNeg   . . .     Faith    .     (shield restricted)
rPois  .         Spirit   .     (no helmet)
rElec  .         Reflect  .     d - +0 cloak
rCorr  .         Harm     .     b - +0 pair of gloves
MR     +....                    (no boots)
Stlth  ..........               (no amulet)
                                x - ring of stealth
                                m - ring of protection from magic

@: berserking, slowed
A: carnivore 3
a: no special abilities


You were on level 4 of the Dungeon.
You were very full.

You visited 1 branch of the dungeon, and saw 4 of its levels.

You collected 149 gold pieces.

Inventory:

Hand Weapons
 a - a +2 dagger (weapon)
 w - a +0 blowgun {@w1}
Missiles
 e - 17 poisoned needles
 f - a curare-tipped needle
 l - 7 needles of sleeping
Armour
 b - a +0 pair of gloves (worn)
 c - a +0 robe (worn)
 d - a +0 cloak (worn)
Jewellery
 m - a ring of protection from magic (left hand)
 x - a ring of stealth (right hand)
Wands
 s - a wand of random effects (32/48)
 u - a wand of disintegration (6/24)
Scrolls
 h - a scroll of recharging {unknown}
 n - a scroll of fear {unknown}
 o - a scroll of enchant weapon {unknown}
 p - a scroll of amnesia {unknown}
 r - a scroll of noise {unknown}
 M - a scroll of magic mapping
 R - 5 scrolls of identify {@r1}
Potions
 i - a potion of berserk rage {!q}
 k - a potion of curing {unknown}
 q - a potion of brilliance
Comestibles
 g - 3 meat rations {@e2}
 j - a slice of pizza


   Skills:
 + Level 3.5 Fighting
 * Level 5.7 Short Blades
 - Level 2.1 Throwing
 + Level 3.2 Dodging
 - Level 5.3 Stealth


You had 5 spell levels left.
You didn't know any spells.

Dungeon Overview and Level Annotations

Branches:
Dungeon (4/15)
 Temple: D:4-7

Altars:
Cheibriados
Kikubaaqudgha
Makhleb
Nemelex Xobeh
Ru
Trog
Xom

Annotations:
D:3 1 runed door
D:4 Natasha


Innate Abilities, Weirdness & Mutations

You are small and have problems with some larger weapons.
You are carnivorous and can eat meat at any time.


Message History

* * * LOW HITPOINT WARNING * * *
The orc wizard hits you with a dagger.
* * * LOW HITPOINT WARNING * * *
The leopard gecko misses you. Natasha barely misses you.
The orc wizard barely misses you.
You take 7 damage, and have 3/37 hp.
It was a potion of berserk rage.
A red film seems to cover your vision as you go berserk!
You feel yourself moving faster!
You feel mighty!
The orc wizard hits you but does no damage.
The orc wizard completely misses you. The leopard gecko misses you.
Natasha claws you.
* * * LOW HITPOINT WARNING * * *
The orc wizard closely misses you. x2; The leopard gecko barely misses you.
You now have 2/55 hp.
Unknown command.
You closely miss Natasha.
Natasha is almost dead.
The orc wizard hits you with a dagger.
You die...

..............█
█.███.
..............█
█.███.
..$...........█
█.....
.!....))......█
███...
....(.........█
█.█.
..............█
█.█.
............o.█
█.██
...........ol.█
█.█
...........h@.█
█.█
............o.█
█.█
............█
█.
............█
...........█
..........█
.........█
.........█


You could see 2 orc wizards, Natasha, an orc and a leopard gecko.

Vanquished Creatures
  An orc priest (D:4)
  An orc wizard (D:3)
  A worker ant (D:4)
  3 adders
  2 oozes
  2 worms (D:2)
  3 leopard geckos
  9 orcs
  3 giant cockroaches
  7 hobgoblins
  8 kobolds
  A quokka (D:3)
  A ball python (D:2)
  6 bats
  3 frilled lizards
  4 goblins
  8 rats
63 creatures vanquished.

Notes
Turn   | Place    | Note
-------+----------+-------------------------------------------
     0 | D:1      | Goblin1989 the Kobold Assassin began the quest for the Orb.
     0 | D:1      | Reached XP level 1. HP: 12/12 MP: 1/1
   147 | D:1      | Reached XP level 2. HP: 18/18 MP: 2/2
   518 | D:1      | Reached XP level 3. HP: 22/22 MP: 3/3
   706 | D:2      | Found a sacrificial altar of Ru.
   744 | D:2      | Found a burning altar of Makhleb.
   789 | D:2      | Found a snail-covered altar of Cheibriados.
   792 | D:2      | Found a bloodstained altar of Trog.
   795 | D:2      | Found a shimmering altar of Xom.
   930 | D:2      | Reached XP level 4. HP: 27/27 MP: 4/4
  1502 | D:3      | Reached XP level 5. HP: 11/32 MP: 5/5
  1763 | D:3      | Found a runed door.
  1913 | D:3      | Reached skill level 5 in Short Blades
  2317 | D:3      | Found a sparkling altar of Nemelex Xobeh.
  2538 | D:4      | Found an ancient bone altar of Kikubaaqudgha.
  2668 | D:4      | Noticed Natasha
  2671 | D:4      | Reached XP level 6. HP: 28/37 MP: 6/6
  2683 | D:4      | HP: 2/55 [Natasha (3)]
  2684 | D:4      | Slain by an orc wizard

Vault maps used:
D:1:      elethiomel_arrival_shortcut
D:2:      nicolae_ru_awakened_eye, old_standard_altar,
          grunt_temple_overflow_open, serial_forest, infiniplex_forest_pool,
          infiniplex_forest_split, infiniplex_forest_lined_2,
          infiniplex_forest_clump_long, infiniplex_forest_side_room,
          infiniplex_forest_lined_2, nrook_uturn
D:3:      nemelex_xobeh_ov_fountains_minmay, serial_forest,
          infiniplex_forest_split, infiniplex_forest_end_1,
          infiniplex_forest_lined_corner, infiniplex_forest_end_1,
          infiniplex_forest_straight_2, infiniplex_forest_lined_room_,
          uniq_crazy_yiuf_cottage
D:4:      lemuel_doored_altar, eat_drink_and_be_merry_uskayaw, uniq_natasha

Skill      XL: |  1  2  3  4  5 |
---------------+----------------+-----
Short Blades   | 3 4 5 |  5.7
Dodging        | 2 3 |  3.2
Fighting       | 3 |  3.5
Throwing       | |  2.1
Stealth        | |  5.3

Action                   |  1- 3 |  4- 6 || total
-------------------------+-------+-------++-------
Melee: Dagger            |    58 |   112 ||   170
 Fire: Blowgun           |       |    21 ||    21
  Use: Scroll            |       |     3 ||     3
       Potion            |       |     1 ||     1
 Stab: Sleeping          |    11 |    10 ||    21
  Eat: Chunk             |     8 |     5 ||    13
Armor: Robe              |     3 |    22 ||    25
Dodge: Dodged            |    28 |   107 ||   135

Vault maps used:
D:1:      elethiomel_arrival_shortcut
D:2:      nicolae_ru_awakened_eye, old_standard_altar,
          grunt_temple_overflow_open, serial_forest, infiniplex_forest_pool,
          infiniplex_forest_split, infiniplex_forest_lined_2,
          infiniplex_forest_clump_long, infiniplex_forest_side_room,
          infiniplex_forest_lined_2, nrook_uturn
D:3:      nemelex_xobeh_ov_fountains_minmay, serial_forest,
          infiniplex_forest_split, infiniplex_forest_end_1,
          infiniplex_forest_lined_corner, infiniplex_forest_end_1,
          infiniplex_forest_straight_2, infiniplex_forest_lined_room_,
          uniq_crazy_yiuf_cottage
D:4:      lemuel_doored_altar, eat_drink_and_be_merry_uskayaw, uniq_natasha
